 Dungeon Crawl Stone Soup version 0.16.2-12-gd0ad4c3 (webtiles) character file.

141 Peloso the Shield-Bearer (level 5, -8/46 HPs)
             Began as a Minotaur Fighter on Sept 23, 2015.
             Was an Initiate of Okawaru.
             Killed by divine providence
             ... invoked by an orc priest
              (9 damage)
             ... on level 3 of the Dungeon.
             The game lasted 00:04:34 (1346 turns).

Peloso the Shield-Bearer (Minotaur Fighter)         Turns: 1346, Time: 00:04:34

Health: -8/46      AC: 12    Str: 27    XL:     5   Next: 3%
Magic:  2/2        EV:  8    Int:  5    God:    Okawaru [......]
Gold:   142        SH: 10    Dex:  9    Spells: 0 memorised, 4 levels left

rFire  . . .     SeeInvis .     a - +0 long sword
rCold  . . .     Clarity  .     b - +0 scale mail
rNeg   . . .     SustAb   .     c - +0 shield
rPois  .         Gourm    .     (helmet restricted)
rElec  .         Spirit   .     m - +0 cloak
rCorr  .         Warding  .     (no gloves)
rMut   .         Stasis   +     (no boots)
MR     .....                    p - amulet of stasis
Stlth  ..........               (no ring)
                                n - +4 ring of protection

@: mighty, not resistant to hostile enchantments, extremely unstealthy
A: retaliatory headbutt, horns 2
a: Renounce Religion


You were on level 3 of the Dungeon.
You worshipped Okawaru.
Okawaru was noncommittal.
You were near starving.

You visited 1 branch of the dungeon, and saw 3 of its levels.

You collected 142 gold pieces.

Inventory:

Hand weapons
 a - a +0 long sword (weapon)
 t - a cursed -2 short sword
Armour
 b - a +0 scale mail (worn)
 c - a +0 shield (worn)
 m - a +0 cloak (worn)
Jewellery
 n - a +4 ring of protection (left hand)
 p - an amulet of stasis (around neck)
Scrolls
 g - a scroll of teleportation {unknown}
 o - a scroll of enchant armour {unknown}
 r - 3 scrolls of identify {unknown}
 u - a scroll of amnesia {unknown}
 v - a scroll of remove curse {unknown}
Potions
 e - a potion of might
 i - a potion of restore abilities {unknown}
 j - a potion of agility {unknown}
 l - a potion of ambrosia {unknown}
 s - a potion of cancellation {unknown}
 w - a potion of invisibility {unknown}
 z - a potion of curing {unknown}
Books
 q - a book of Ice

   Spells                             Type                      Level
   a - Ice Form                       Ice/Transmutation            4
   b - Metabolic Englaciation         Hexes/Ice                    5
   c - Ozocubu's Refrigeration        Ice                          6
   d - Bolt of Cold                   Conjuration/Ice              6
   e - Freezing Cloud                 Conjuration/Ice/Air          6
   f - Simulacrum                     Ice/Necromancy               6
 y - a book of Hinderance

   Spells                             Type                      Level
   a - Confusing Touch                Hexes                        2
   b - Confuse                        Hexes                        3
   c - Petrify                        Transmutation/Earth          4
   d - Metabolic Englaciation         Hexes/Ice                    5
   e - Gell's Gravitas                Hexes/Translocation          5
   f - Summon Mana Viper              Hexes/Summoning              5
Comestibles
 d - a bread ration
 f - 3 meat rations
 h - 2 chunks of flesh
 k - 3 royal jellies
 x - a beef jerky


   Skills:
 + Level 4.3 Fighting
 + Level 3.1 Long Blades
 + Level 4.4 Armour
 + Level 2.1 Dodging
 + Level 4.8 Shields


You had 4 spell levels left.
You didn't know any spells.

Dungeon Overview and Level Annotations

Branches:
Dungeon (3/15)

Altars:
Okawaru
Qazlal


Innate Abilities, Weirdness & Mutations

You reflexively headbutt those who attack you in melee.
You have a pair of horns on your head.


Message History

Use which ability? (? or * to list)
Okay, then.
You hit the orc priest but do no damage.
The orc priest is heavily wounded.
The orc priest invokes the aid of Beogh against you.
Pain shoots through your body!
* * * LOW HITPOINT WARNING * * *
Unknown command.
Drink which item? (? for menu, Esc to quit)
You feel very mighty all of a sudden.
The orc priest hits you but does no damage.
You barely miss the orc priest.
The orc priest is heavily wounded.
You block the orc priest's attack.
Unknown command.
You hit the orc priest.
The orc priest is severely wounded.
The orc priest mumbles some strange prayers to Beogh against you.
Something smites you!
You die...

) ... .# ....# . ... ####.
... # . ... ... ...# # #.#
#(# .#.# ###.# ## #o#....#
..#.# . #o#....# #.#.# .#
#@#....### ....# #.#
#......... ....##.# ##
#......##.
#.....###.######.#..#.#
##..##.#.#.<.....#...!#
##..###.##.#####.#.##.#
....# ##.#.#####..รท...#
##......#.....##.#.......#
.#######.#.##.##.####.####


You could see an orc priest and an orc.

Vanquished Creatures
  Ijyb (D:2)
  A hound skeleton (D:3)
  4 adders (D:2)
  3 worms (D:2)
  A giant gecko (D:2)
  An ooze (D:2)
  An orc (D:3)
  8 goblins
  6 hobgoblins
  4 bats
  2 giant cockroaches (D:2)
  6 giant newts
  8 jackals
  4 kobolds (D:2)
  2 quokkas (D:2)
  7 rats
59 creatures vanquished.

Notes
Turn   | Place    | Note
--------------------------------------------------------------
     0 | D:1      | Peloso, the Minotaur Fighter, began the quest for the Orb.
     0 | D:1      | Reached XP level 1. HP: 19/19 MP: 1/1
   113 | D:1      | Reached skill level 4 in Shields
   142 | D:1      | Reached XP level 2. HP: 24/27 MP: 1/1
   727 | D:2      | Reached XP level 3. HP: 33/33 MP: 2/2
   749 | D:2      | Found a stormy altar of Qazlal.
   780 | D:2      | Noticed Ijyb
   795 | D:2      | Killed Ijyb
   795 | D:2      | Reached skill level 1 in Dodging
   800 | D:2      | Found an iron altar of Okawaru.
   824 | D:2      | Became a worshipper of Warmaster Okawaru
   850 | D:2      | Reached XP level 4. HP: 23/40 MP: 2/2
  1252 | D:3      | Reached XP level 5. HP: 44/46 MP: 2/2
  1343 | D:3      | HP: 1/46 [orc priest/nerve-wracking pain (12)]
  1346 | D:3      | Killed from afar by an orc priest

Action                   |  1- 3 |  4- 6 || total
-------------------------+-------+-------++-------
Melee: Long sword        |    78 |    90 ||   168
  Use: Potion            |       |     1 ||     1
